 Dungeon Crawl Stone Soup version 0.29-a0-243-g602b31c20e (webtiles) character file.

Game seed: 17613892982722746326

81 timneilson the Shield-Bearer (level 4, -5/29 HPs)
             Began as a Gargoyle Fighter on Mar 4, 2022.
             Slain by an orc priest
             ... wielding a +2 hand axe of draining
              (7 damage)
             ... on level 2 of the Dungeon.
             The game lasted 00:01:55 (2170 turns).

timneilson the Shield-Bearer (Gargoyle Fighter)     Turns: 2170, Time: 00:01:56

Health: -5/29      AC: 10    Str: 21    XL:     4   Next: 42%
Magic:  4/4        EV:  9    Int:  9    God:
Gold:   82         SH:  4    Dex:  9    Spells: 3/3 levels left

rFire   . . .      SeeInvis .   a - +0 long sword
rCold   . . .      Faith    .   c - +0 buckler
rNeg    + . .      Spirit   .   b - +0 scale mail
rPois   ∞          Reflect  .   (no helmet)
rElec   +          Harm     .   (no cloak)
rCorr   .          Rampage  .   (no gloves)
Will    .....                   (no boots)
Stlth   ..........              (no amulet)
HPRegen 0.09/turn               (no ring)
MPRegen 0.09/turn               (no ring)

@: no status effects
A: sickness immunity, AC +3, negative energy resistance 1, electricity
resistance, torment resistance 1, petrification resistance
a: no special abilities


You were on level 2 of the Dungeon.
You visited 1 branch of the dungeon, and saw 2 of its levels.

You collected 82 gold pieces.

Inventory:

Hand Weapons
 a - a +0 long sword (weapon)
Armour
 b - a +0 scale mail (worn)
 c - a +0 buckler (worn)
Scrolls
 f - a scroll of immolation {unknown}
Potions
 d - a potion of might
 e - 3 potions of heal wounds {unknown}
 g - a potion of resistance {unknown}
 h - a potion of berserk rage {unknown}


   Skills:
 + Level 3.7 Fighting
 * Level 2.4 Long Blades
 * Level 4.0 Armour
 + Level 0.5 Dodging
 * Level 4.1 Shields


You had 3 spell levels left.
You didn't know any spells.
Your spell library contained the following spells:

 Spells                   Type           Power      Damage    Failure   Level
 Confusing Touch          Hex            0%         N/A       99%         3
 Yara's Violent Unravell  Hex/Tmut       0%         3d3       100%        5
 Enfeeble                 Hex            0%         N/A       100%        7


Dungeon Overview and Level Annotations

Branches:
Dungeon (2/15)

Altars:


Innate Abilities, Weirdness & Mutations

You are immune to sickness and miasma.
Your stone body is resilient. (AC +3)
You are immune to poison.
You resist negative energy. (rN+)
You are resistant to electric shocks. (rElec)
You are resistant to unholy torment.
You are immune to petrification.


Message History

No target in view!
No target in view!
No target in view!
No target in view!
No target in view!
No target in view!
No target in view!
You see here an adder corpse.
Found a stone staircase leading up.
You see here an adder corpse.
An orc priest comes into view.
It is wielding a +2 hand axe of draining.
You block the orc priest's attack.
You hit the orc priest.
The orc priest is lightly wounded.
The orc priest closely misses you.
The orc priest hits you with a +2 hand axe of draining.
You hit the orc priest.
The orc priest is moderately wounded.
The orc priest hits you with a +2 hand axe of draining!
You hit the orc priest.
The orc priest is heavily wounded.
The orc priest hits you with a +2 hand axe of draining.
You barely miss the orc priest.
The orc priest is heavily wounded.
The orc priest calls down the wrath of Beogh upon you.
Pain shoots through your body!
The orc priest hits you but does no damage.
You hit the orc priest.
The orc priest is almost dead.
The orc priest looks braver for a moment.
You hear a shout!
You closely miss the orc priest.
The orc priest is almost dead.
The orc priest hits you with a +2 hand axe of draining!
* * * LOW HITPOINT WARNING * * *
You completely miss the orc priest.
The orc priest is almost dead.
The orc priest casts a cantrip, but nothing happens.
The orc priest hits you with a +2 hand axe of draining!
You die...

#.... #. ### ###.#.# #.... #..
....... #.o. #.# ###.... #...
#.# #.... #.. #.# ####. #.. #.#
#. +o######.#########.
#.@..............#.
#.######.#######.#.
#........#....##.#.
##.###....#.......#.
#+#######+####..#
#....#....#.##.
................#
#....#....#.##.
######..##.....##
#....#....#.### # #...#.)...#
#....#....#.#
########.#.....####....#....#.##


You could see an orc priest.

Vanquished Creatures
  A gnoll (D:1)
  3 adders (D:2)
  3 endoplasms (D:1)
  4 giant cockroaches
  3 goblins
  3 hobgoblins
  4 jackals (D:2)
  4 quokkas
  3 ball pythons (D:1)
  5 bats
  3 frilled lizards (D:1)
  6 kobolds
  2 rats (D:1)
44 creatures vanquished.

Notes
Turn   | Place    | Note
-------+----------+-------------------------------------------
     0 | D:1      | timneilson the Gargoyle Fighter began the quest for the
                  | Orb.
     0 | D:1      | Reached XP level 1. HP: 14/14 MP: 1/1
    65 | D:1      | Reached XP level 2. HP: 15/19 MP: 2/2
   445 | D:1      | Reached XP level 3. HP: 23/23 MP: 3/3
  1648 | D:2      | Reached XP level 4. HP: 22/29 MP: 4/4
  2170 | D:2      | Slain by an orc priest

Illustrated notes

Levels and vault maps discovered:
D:1:      minmay_arrival_four_loops, layout_basic, minivault_23,
          minmay_distorted
D:2:      layout_basic, minmay_quadrilaterals

Skill      XL: |  1  2  3  4 |
---------------+-------------+-----
Long Blades    | 2 |  2.4
Shields        | 4 |  4.1
Armour         | 4 |  4.0
Fighting       | |  3.7
Dodging        | |  0.5

Action                   |  1- 3 |  4- 6 || total
-------------------------+-------+-------++-------
Melee: Long sword        |   130 |    38 ||   168
  Use: Scroll            |     2 |       ||     2
Armor: Scale mail        |    73 |    11 ||    84
Dodge: Dodged            |    94 |    14 ||   108
Block: Buckler           |    31 |     7 ||    38

Table legend: (Time is in decaauts)
 A = Elapsed time spent in this place.
 B = Non-inter-level travel time spent in this place.
 C = Inter-level travel time spent in this place.
 D = Time resting spent in this place.
 E = Time spent auto-exploring this place.
 F = Levels seen in this place.
 G = Mean time per level.
                   A        B        C        D        E       F      G
               +--------+--------+--------+--------+--------+-----+--------+
         Total |   2225 |   2201 |     24 |      0 |   1832 |   2 | 1112.5 |
       Dungeon |   2225 |   2201 |     24 |      0 |   1832 |   2 | 1112.5 |
               +--------+--------+--------+--------+--------+-----+--------+

Top non-repeatable levels by time:
     D:1: 1237 daAuts
     D:2: 988 daAuts
